 Dungeon Crawl Stone Soup version 0.18-a0-1109-gfc003ac (webtiles) character file.

9827 4thArraOfDagon the Cleaver (level 11, -6/92 HPs)
             Began as a Black Draconian Abyssal Knight on Jan 16, 2016.
             Was a Priest of Lugonu.
             Shot with an arrow by a centaur warrior (24 damage)
             ... on level 13 of the Dungeon.
             The game lasted 00:32:18 (5052 turns).

4thArraOfDagon the Cleaver (DrAK)                   Turns: 5052, Time: 00:32:18

Health: -6/92      AC:  9    Str: 14    XL:     11   Next: 28%
Magic:  11/16      EV: 15    Int: 18    God:    Lugonu [***...]
Gold:   532        SH:  0    Dex: 12    Spells: 0 memorised, 10 levels left

rFire  . . .     SeeInvis +     i - +9 hand axe of Odab {chop, Int+3 SInv}
rCold  . . .     Gourm    .     (armour unavailable)
rNeg   . . .     Faith    .     (no shield)
rPois  .         Spirit   .     (helmet restricted)
rElec  +         Dismiss  .     (no cloak)
rCorr  .         Reflect  .     y - +0 pair of gloves {archery}
SustAt .         Harm     .     r - +0 pair of boots
MR     .....                    e - amulet of rage
Stlth  +.........               (no ring)
                                (no ring)

@: short of breath, not resistant to hostile enchantments, very unstealthy
A: breathe lightning, unfitting armour, screaming 1, electricity resistance,
cold-blooded, subdued magic 1, AC +7
a: Breathe Lightning, Depart the Abyss, Bend Space, Banish, Renounce Religion,
Evoke Berserk Rage


You were on level 13 of the Dungeon.
You worshipped Lugonu.
Lugonu was most pleased with you.
You were hungry.

You visited 1 branch of the dungeon, and saw 13 of its levels.
You visited the Abyss 1 time.
You also visited: Bailey.

You collected 532 gold pieces.

Inventory:

Hand Weapons
 i - the +9 hand axe of Odab (weapon) {chop, Int+3 SInv}
   (You found it on level 8 of the Dungeon)

   It inflicts extra damage upon your enemies.
   It affects your intelligence (+3).
   It lets you see invisible.
 p - a +0 blowgun
 C - the +8 dagger "Usymp" {pain, +Fly Int+4, unknown}
   (You found it on level 12 of the Dungeon)

   In the hands of one skilled in necromantic magic, it inflicts extra damage on
   living creatures.
   It affects your intelligence (+4).
   It lets you fly.
Missiles
 q - 30 poisoned needles
 t - 3 throwing nets (quivered)
Armour
 r - a +0 pair of boots (worn)
 y - a +0 pair of gloves of archery (worn)
Jewellery
 e - an amulet of rage (around neck)
Wands
 l - a wand of digging (1/24)
 o - a wand of lightning (3/15)
 B - a wand of random effects (22/48)
 G - a wand of draining (2/15)
Scrolls
 b - a scroll of amnesia
 g - 2 scrolls of remove curse
 j - 2 scrolls of vulnerability {unknown}
 n - a scroll of teleportation
 E - a scroll of silence {unknown}
Potions
 d - 2 potions of heal wounds
 f - 3 potions of might
 h - 3 potions of lignification
 k - a potion of resistance {unknown}
 m - a potion of cure mutation
 w - a potion of brilliance {unknown}
 A - 2 potions of haste
 D - a potion of invisibility
Books
 x - a book of Power

   Spells                             Type                      Level
   a - Fulminant Prism                Conjuration/Hexes            4
   b - Iskenderun's Mystic Blast      Conjuration                  4
   c - Venom Bolt                     Conjuration/Poison           5
   d - Bolt of Magma                  Conjuration/Fire/Earth       5
   e - Iron Shot                      Conjuration/Earth            6
   f - Orb of Destruction             Conjuration                  7
   g - Spellforged Servitor           Conjuration/Summoning        7
Miscellaneous
 s - an ornate deck of defence {drawn: 1}
 u - a sack of spiders
Comestibles
 a - 4 bread rations
 c - 3 meat rations
 v - a slice of pizza
 z - 6 royal jellies


   Skills:
 + Level 7.5 Fighting
 * Level 11.7 Axes
 + Level 6.2 Dodging
 - Level 3.9 Unarmed Combat
 + Level 7.0 Invocations
 + Level 6.8 Evocations


You had 10 spell levels left.
You didn't know any spells.

Dungeon Overview and Level Annotations

Branches:
Dungeon (13/15)            Temple (0/1) D:6            Lair (0/8) D:9
    Orc (0/2) D:12         Vaults (0/5) D:13

Altars:
Ashenzari
Dithmenos
Elyvilon
Kikubaaqudgha
Pakellas
Ru
Trog
Vehumet
Xom
Yredelemnul
The Shining One
Beogh

Shops:
D:12 :

Annotations:
D:3 dvd's ghost, amateur SpEn
D:4 namelastname112's ghost, amateur DrWz
D:8 2 runed doors
D:9 LAIRs
D:12 Erolcha; nublet's ghost, journeyman CeFE


Innate Abilities, Weirdness & Mutations

You can breathe wild blasts of lightning.
Your glossy black scales are hard (AC +7).
Your body does not fit into most forms of armour.
You are resistant to electric shocks.
You are cold-blooded and may be slowed by cold attacks.
You occasionally shout uncontrollably at your foes.
Your spells are a little easier to cast, but a little less powerful.


Message History

You are feeling hungry.
The vault guard hits you with a war axe!
Unknown command.
Unknown command.
Unknown command.
Unknown command.
The centaur warrior shoots an arrow.
The arrow hits you!!
You see here an arrow.
Unknown command.
Unknown command.
Unknown command.
Unknown command.
The centaur warrior shoots an arrow.
The arrow hits you!!
* * * LOW HITPOINT WARNING * * *
You see here an arrow.
Unknown command.
Unknown command.
Unknown command.
The centaur warrior shoots an arrow.
The arrow hits you!!
You die...

#.......#
#z......#
#..(.[..#
#.p.....#
#...(...#
#Hc.....#
##(p.....#
#p.....##....
#@.....# .#..
#......# .+ ..
.. #......# .
... #......#
...
####+##......#
...
.............#
...
?..!.........#
.....
.............#
......
.............#


You could see 3 vault guards, a griffon, a centaur warrior and a wight.

Vanquished Creatures
  Harold (D:12)
  2 trolls
  A wyvern (D:10)
  A wraith (D:10)
  3 yaks (D:11)
  A vampire mosquito (D:13)
  2 steam dragons (D:7)
  2 insubstantial wisps (D:7)
  4 sky beasts
  4 ice beasts
  3 orc warriors
  3 black bears
  4 phantoms
  3 ogres
  4 centaurs
  3 big kobolds (D:10)
  2 giant frogs
  17 killer bees
  4 crimson imps
  A quasit (D:11)
  A giant frog zombie (D:7)
  4 hounds
  A giant frog skeleton (D:4)
  3 orc priests
  2 centaur skeletons
  7 orc wizards
  An iguana (D:9)
  7 worker ants
  3 sheep (D:11)
  3 adders
  2 shadow imps
  An ooze (D:1)
  An adder skeleton (D:9)
  A worm (D:4)
  2 giant geckos
  26 orcs
  9 bats
  3 giant cockroaches
  6 goblins
  5 hobgoblins
  9 jackals
  A quokka (D:11)
  A ball python (D:6)
  2 giant newts
  21 kobolds
  8 rats
  A butterfly (D:6)
  2 fungi (D:9)
198 creatures vanquished.

Vanquished Creatures (others)
  The ghost of xgamer67 the Geomancer, a journeyman OpEE of Xom (D:10)
  A tengu warrior (D:13)
  The ghost of Borgoz the Covert, a journeyman SpAs of Gozag (D:12)
  3 hill giants
  2 cyclopes (D:11)
  An ugly thing (D:12)
  A kobold demonologist (D:11)
  An efreet (D:13)
  A queen bee (D:9)
  An ogre (D:8)
  A killer bee (D:9)
  A jelly (D:13)
  22 fungi (D:9)
37 creatures vanquished.

Grand Total: 235 creatures vanquished

Notes
Turn   | Place    | Note
--------------------------------------------------------------
     0 | Abyss:1  | 4thArraOfDagon the Draconian Abyssal Knight began the quest for the Orb.
     0 | Abyss:1  | Reached XP level 1. HP: 19/19 MP: 2/2
    21 | Abyss:1  | Found an iron altar of Okawaru.
    43 | Abyss:1  | Noticed a ynoxinul
    59 | D:1      | Escaped the Abyss
   209 | D:1      | Reached XP level 2. HP: 2/26 MP: 3/3
   235 | D:1      | Reached * piety under Lugonu
   600 | D:2      | Reached XP level 3. HP: 22/33 MP: 4/4
   691 | D:2      | Found a shadowy altar of Dithmenos.
   748 | D:3      | Reached skill level 1 in Evocations
   792 | D:3      | Noticed dvd's ghost (amateur SpEn)
   798 | D:4      | Noticed namelastname112's ghost (amateur DrWz)
   802 | D:5      | Entered Level 5 of the Dungeon
   814 | D:5      | Reached XP level 4. HP: 25/40 MP: 5/5
   975 | D:4      | Reached skill level 4 in Fighting
   975 | D:4      | Reached XP level 5. HP: 28/46 MP: 7/7
  1132 | D:6      | Noticed a black bear
  1150 | D:6      | Reached ** piety under Lugonu
  1154 | D:6      | Killed a black bear
  1154 | D:6      | Reached XP level 6. HP: 40/52 MP: 8/8
  1207 | D:7      | Noticed a steam dragon
  1216 | D:8      | Found a shimmering altar of Xom.
  1232 | D:8      | Got a transparent hand axe
  1235 | D:8      | Identified the +9 hand axe of Odab {chop, Int+3 SInv} (You found it on level 8 of the Dungeon)
  1300 | D:8      | Reached skill level 1 in Axes
  1305 | D:8      | Found a runed door.
  1328 | D:8      | Found a runed door.
  1410 | D:7      | Found a shattered altar of Ashenzari.
  1428 | D:7      | Noticed an insubstantial wisp
  1470 | D:8      | Reached XP level 7. HP: 45/59 MP: 9/9
  1470 | D:8      | Your scales start taking on a glossy black colour.
  1470 | D:8      | Gained mutation: You are resistant to electric shocks. [Black Draconian growth]
  1555 | D:6      | Found a white marble altar of Elyvilon.
  1773 | D:6      | Found a staircase to the Ecumenical Temple.
  1869 | D:5      | Found a sacrificial altar of Ru.
  1957 | D:7      | Reached skill level 5 in Axes
  1992 | D:7      | Killed a steam dragon
  1992 | D:7      | Reached skill level 6 in Axes
  2054 | D:7      | Found a glowing golden altar of the Shining One.
  2056 | D:7      | Noticed an angel
  2070 | D:7      | Found a basalt altar of Yredelemnul.
  2072 | D:7      | Noticed a profane servitor
  2109 | D:7      | Reached XP level 8. HP: 52/66 MP: 10/10
  2134 | D:7      | Reached skill level 7 in Axes
  2160 | D:7      | Gained mutation: You are frail (-10% HP). [mutagenic meat]
  2162 | D:7      | Gained mutation: You occasionally shout uncontrollably at your foes. [mutagenic meat]
  2163 | D:7      | Lost mutation: You are frail (-10% HP). [mutagenic meat]
  2164 | D:7      | Gained mutation: Your spells are a little easier to cast, but a little less powerful. [mutagenic meat]
  2191 | D:7      | Reached skill level 8 in Axes
  2340 | D:8      | Reached *** piety under Lugonu
  2452 | D:9      | Found an ancient bone altar of Kikubaaqudgha.
  2467 | D:8      | Reached XP level 9. HP: 16/72 MP: 11/11
  2480 | D:8      | Reached skill level 9 in Axes
  2480 | D:8      | HP: 1/109 [ogre/giant club (18)]
  2673 | D:9      | Reached skill level 5 in Fighting
  2787 | D:9      | Found a radiant altar of Vehumet.
  2914 | D:10     | Entered Level 10 of the Dungeon
  2978 | D:10     | Noticed a troll
  2987 | D:10     | Killed a troll
  3038 | D:10     | Reached **** piety under Lugonu
  3049 | D:10     | Found a flagged portal.
  3091 | Bailey   | Entered a bailey
  3227 | D:10     | Reached skill level 5 in Invocations
  3233 | D:10     | Noticed xgamer67's ghost (journeyman OpEE)
  3239 | D:10     | Banished xgamer67's ghost
  3239 | D:10     | Reached skill level 10 in Axes
  3249 | D:10     | Reached skill level 5 in Dodging
  3249 | D:10     | Reached skill level 5 in Evocations
  3376 | D:10     | Reached XP level 10. HP: 53/83 MP: 13/13
  3396 | D:9      | Found a bloodstained altar of Trog.
  3825 | D:9      | Reached ***** piety under Lugonu
  3889 | D:9      | Found a staircase to the Lair.
  4009 | D:9      | Found an oddly glowing altar of Pakellas.
  4195 | D:11     | Noticed a cyclops
  4196 | D:11     | Banished a cyclops
  4197 | D:11     | Noticed a hill giant
  4197 | D:11     | Banished a hill giant
  4239 | D:11     | Noticed a soul eater
  4269 | D:12     | Noticed Harold
  4276 | D:12     | Killed Harold
  4276 | D:12     | Reached skill level 11 in Axes
  4304 | D:12     | Found Xeaxtiy's Book Emporium.
  4399 | D:12     | Noticed a hill giant
  4400 | D:12     | Banished a hill giant
  4419 | D:12     | Noticed Borgoz's ghost (journeyman SpAs)
  4419 | D:12     | Banished Borgoz's ghost
  4419 | D:12     | Reached XP level 11. HP: 38/92 MP: 13/16
  4438 | D:12     | Noticed a hill giant
  4735 | D:12     | Got a shimmering dagger
  4765 | D:12     | Found a roughly hewn altar of Beogh.
  4766 | D:12     | Found a staircase to the Orcish Mines.
  4767 | D:12     | Noticed an orc knight
  4768 | D:12     | Noticed nublet's ghost (journeyman CeFE)
  4830 | D:12     | Noticed a brown ugly thing
  4832 | D:12     | Banished a brown ugly thing
  4839 | D:12     | Noticed a hill giant
  4840 | D:12     | Banished a hill giant
  4841 | D:12     | Noticed Erolcha
  5026 | D:13     | Found a gate to the Vaults.
  5026 | D:13     | Noticed a tengu warrior
  5026 | D:13     | Noticed a centaur warrior
  5026 | D:13     | Noticed a vault guard
  5026 | D:13     | Noticed a vault guard
  5026 | D:13     | Noticed a vault guard
  5026 | D:13     | Noticed a griffon
  5026 | D:13     | Noticed a vault guard
  5026 | D:13     | Noticed a hill giant
  5028 | D:13     | Noticed a hill giant
  5030 | D:13     | Banished a tengu warrior
  5052 | D:13     | Shot with an arrow by a centaur warrior

Vault maps used:
D:1:      lightli_arrival_quake, minmay_bisected
D:2:      nicolae_dithmenos_through_a_glass_darkly
D:3:      first_bread, kennysheep_small_spiral, uniq_terence
D:4:      minitemple
D:5:      grunt_gozag_breadcrumbs, nicolae_ru_sacrificial_ziggurat, uniq_duvessa
D:6:      lemuel_round_altar, overflow_temple_1_default, kennysheep_little_box,
          minmay_temple_entry_butterflies, kennysheep_generic_room_6,
          uniq_blork_the_orc
D:7:      grunt_temple_overflow_holy_war, evilmike_ruin_ashenzari,
          hangedman_misty_isle
D:8:      lemuel_insect_pit, lemuel_crystal_altar
D:9:      lemuel_doored_altar, trog_ov_bears_minmay,
          due_lair_maze_entry_diamond, basic_altar, david_nohive_1,
          nrook_loot_triangle, johnstein_pakellas_dig
D:10:     enter_bailey_3, grunt_decor_arrowhead
D:11:     serial_co_window_serial, co_window_paths_a,
          co_window_of_opportunity_a, co_window_paths_a, co_window_corner_a,
          co_window_of_opportunity_a, co_window_paths_b, co_window_paths_a,
          co_window_paths_a, co_window_corner_a, co_window_broadway_a,
          co_window_broadway_c, co_window_broadway_c,
          co_window_of_opportunity_b, co_window_2corner, co_window_paths_e,
          glass_columns_a, glass_columns_a, glass_columns_b, glass_columns_a,
          glass_columns_b, uniq_sonja
D:12:     david_orc_5, serial_shops, shop, minmay_pinched_square, uniq_erolcha,
          uniq_harold
D:13:     lightli_vaults_fourway_checkpoint
Bailey:   bailey_polearm_2, bailey

Action                   |  1- 3 |  4- 6 |  7- 9 | 10-12 || total
-------------------------+-------+-------+-------+-------++-------
Melee: Unarmed           |   115 |    45 |       |       ||   160
       Hand axe          |       |    23 |   196 |   188 ||   407
 Fire: Blowgun           |       |       |     6 |     8 ||    14
Invok: Depart the Abyss  |     1 |       |       |       ||     1
       Banish            |       |       |     3 |    13 ||    16
 Abil: Evoke Berserk Rag |     5 |     6 |     8 |       ||    19
       Breathe Lightning |       |       |     3 |     6 ||     9
Evoke: Deck              |       |       |       |     1 ||     1
       Wand              |       |       |       |     3 ||     3
  Use: Potion            |     3 |     1 |     3 |     1 ||     8
       Scroll            |     1 |     4 |     8 |     2 ||    15
 Stab: Sleeping          |     1 |       |     1 |       ||     2
  Eat: Chunk             |     3 |     8 |    16 |    10 ||    37
       Fruit             |       |       |     2 |       ||     2
       Beef jerky        |       |       |     1 |       ||     1
       Royal jelly       |       |       |       |     1 ||     1
